Map: Acid Plant LE

Players

GOStephano (Stephano)

  • Race: Zerg Zerg
  • Spawn Location: 11:00

TRUE - Winner!

  • Race: Zerg Zerg
  • Spawn Location: 5:00

Event: WCS Austin 2018

VOD

Have the link to the VOD?

Description

Time

  • Played on: June 1, 2018, 5:06 p.m.
  • Length: 9:46

All games in this series

Show
View Real Time Build Order
Export as new Build Order

GOStephano Zerg 

Build Orders: Hatch First, Zergling Baneling 

Get SALT Encoding   

  12  0:00  Drone  
  13  0:12  Overlord  
  13  0:17  Drone  
  14  0:30  Drone x2  
  16  0:48  Hatchery  
  15  0:51  Drone  
  15  0:54  Drone  
  17  0:57  Drone  
  18  1:10  Extractor  
  17  1:13  Spawning Pool  
  17  1:16  Drone  
  17  1:20  Drone  
  18  1:28  Drone  
  19  1:39  Drone  
  20  1:49  Drone  
  21  2:00  Queen x2  
  21  2:01  Overlord  
  25  2:02  Drone  
  26  2:10  Metabolic Boost  
  26  2:13  Zergling x4  
  28  2:22  Drone x2  
  30  2:37  Hatchery  
  30  2:38  Drone  
  30  2:41  Baneling Nest  
  30  2:43  Drone  
  30  2:47  Drone  
  30  2:50  Overlord  
  31  2:57  Drone  
  32  3:03  Zergling x2  
  33  3:10  Drone x3  
  33  3:11  Zergling x6  
  33  3:12  Drone  
  40  3:14  Zergling x2  
  40  3:28  Drone  
  40  3:29  Drone  
  40  3:30  Zergling x2  
  40  3:31  Zergling x2  
  40  3:33  Baneling  
  40  3:34  Baneling  
  44  3:39  Baneling  
  44  3:40  Overlord  
  44  3:48  Evolution Chamber, Queen  
  44  3:52  Drone x5  
  49  3:57  Drone  
  49  4:01  Drone x3  
  52  4:05  Drone x2  
  52  4:06  Baneling  
  53  4:14  Extractor  
  53  4:15  Drone  
  54  4:17  Drone x3  
  54  4:19  Zergling x4  
  54  4:22  Overlord  
  54  4:23  Overlord  
  58  4:26  Zerg Missile Weapons Level 1  
  58  4:33  Extractor  
  58  4:35  Overlord  
  57  4:41  Overlord  
  57  4:42  Zergling x2  
  57  4:43  Zergling x12  
  62  4:48  Zergling x2  
  62  4:49  Zergling x6  
  62  4:51  Baneling x5  
  65  4:56  Zergling x6  
  65  5:04  Drone  
  62  5:11  Drone x3  
  58  5:16  Drone  
  58  5:17  Lair  
  58  5:19  Drone  
  58  5:21  Queen  
  58  5:25  Drone x2  
  58  5:27  Drone x6  
  67  5:33  Overlord  
  67  5:38  Overlord  
  67  5:39  Drone  
  67  5:41  Roach Warren  
  67  5:45  Drone  
  68  5:51  Drone x3  
  71  6:02  Zergling x10  
  76  6:06  Extractor, Zergling x6  
  76  6:07  Extractor  
  77  6:11  Baneling x3  
  77  6:14  Zergling x4  
  75  6:21  Zergling x6  
  73  6:31  Drone x3  
  71  6:38  Roach  
  71  6:39  Roach x8  
  84  6:44  Roach  
  76  6:49  Glial Reconstitution  
  76  6:51  Roach x2  
  76  6:52  Zerg Missile Weapons Level 2  
  74  6:55  Roach  
  74  7:02  Roach x2  
  74  7:03  Ravager x2  
  74  7:04  Ravager  
  74  7:07  Drone  
  81  7:10  Queen  
  81  7:13  Drone x2  
  85  7:16  Drone  
  85  7:22  Drone x4  
  90  7:23  Overlord x3  
  90  7:36  Overlord, Queen  
  90  7:45  Roach x4  
  90  7:48  Queen  
  90  7:50  Roach  
  100  7:58  Roach  
  96  7:59  Zergling x12  
  96  8:05  Roach  
  90  8:13  Roach x2  
  90  8:18  Drone x7  
  101  8:29  Roach x5  
  107  8:44  Zergling x12  
  107  8:45  Hydralisk Den  
  107  8:46  Hatchery  
  107  8:50  Spore Crawler  
  107  8:53  Spore Crawler  
  94  8:58  Drone x5  
  94  8:59  Spore Crawler  
  77  9:10  Drone x8  
  77  9:14  Extractor  
  77  9:16  Spore Crawler  
  75  9:20  Roach  
  75  9:24  Roach x2  
  76  9:43  Spore Crawler  
Show
View Real Time Build Order
Export as new Build Order

TRUE Zerg - Winner!

Build Orders: Hatch First 

Get SALT Encoding   

  12  0:00  Drone  
  13  0:11  Overlord  
  13  0:16  Drone  
  14  0:30  Drone x2  
  14  0:34  Drone  
  17  0:52  Hatchery  
  17  0:55  Drone  
  17  0:58  Drone  
  17  1:03  Extractor  
  17  1:14  Spawning Pool  
  17  1:16  Drone  
  17  1:20  Drone  
  18  1:27  Drone  
  19  1:38  Overlord  
  19  2:00  Queen  
  21  2:01  Drone x2  
  21  2:03  Metabolic Boost  
  21  2:04  Queen  
  21  2:08  Drone  
  26  2:11  Drone  
  26  2:15  Drone  
  28  2:21  Drone  
  29  2:25  Drone  
  30  2:31  Drone  
  31  2:43  Hatchery  
  30  2:46  Zergling x4  
  30  2:50  Baneling Nest  
  31  2:56  Queen  
  33  3:03  Overlord  
  33  3:06  Zergling x2  
  33  3:09  Drone x2  
  36  3:22  Drone x2  
  36  3:23  Drone x4  
  40  3:28  Zergling x2  
  40  3:33  Zergling x4  
  43  3:34  Baneling  
  43  3:40  Baneling x2  
  43  3:45  Overlord  
  43  3:49  Baneling x2  
  43  3:54  Queen  
  43  3:55  Zergling x4  
  47  4:01  Zergling x6  
  49  4:05  Zergling x4  
  49  4:06  Overlord, Zergling x2  
  49  4:08  Zergling x2  
  53  4:10  Zergling x4  
  53  4:15  Zergling x4  
  57  4:17  Zergling x4  
  57  4:24  Overlord  
  57  4:26  Zergling x2  
  57  4:27  Queen, Zergling x4  
  61  4:43  Drone x6  
  65  4:50  Drone x2  
  67  4:55  Drone  
  67  4:58  Drone  
  68  5:00  Drone  
  68  5:04  Evolution Chamber, Lair  
  68  5:05  Drone  
  66  5:09  Overlord  
  66  5:11  Zergling x2  
  59  5:16  Zergling x4  
  59  5:17  Zergling x2  
  59  5:19  Zergling x2  
  61  5:21  Zergling x4  
  61  5:26  Extractor  
  60  5:29  Zerg Melee Weapons Level 1  
  60  5:30  Zergling x4  
  60  5:31  Baneling x2  
  60  5:32  Zergling x2  
  63  5:36  Zergling x2  
  63  5:37  Baneling, Zergling x4  
  63  5:38  Queen  
  63  5:40  Zergling x2  
  63  5:42  Zergling x4  
  71  5:43  Extractor, Zergling x6  
  71  5:59  Zergling x12  
  71  6:03  Zergling x2  
  77  6:07  Zergling x2  
  77  6:08  Zergling x4  
  80  6:14  Zergling x6  
  80  6:16  Zergling x4  
  82  6:18  Overlord  
  82  6:24  Zergling x2  
  82  6:26  Zergling x2  
  82  6:27  Overlord, Zergling x2  
  82  6:29  Zergling x2  
  79  6:34  Zergling x2  
  79  6:37  Zergling x2  
  79  6:38  Zergling x2  
  77  6:40  Zergling x10  
  77  6:46  Extractor  
  74  6:47  Spire  
  74  6:50  Zergling x2  
  74  6:51  Zergling x4  
  76  7:00  Zergling x4  
  76  7:01  Zergling x2  
  71  7:10  Zergling x2  
  71  7:11  Zergling x2  
  71  7:12  Zergling x2  
  71  7:15  Zergling x2  
  74  7:16  Zergling x2  
  74  7:17  Zergling x14  
  82  7:27  Zergling x4  
  82  7:29  Zergling x2  
  85  7:34  Zergling x2  
  85  7:35  Zergling x2  
  78  7:37  Zergling x2  
  74  7:58  Mutalisk x9  
  69  8:02  Mutalisk  
  87  8:10  Drone x3  
  87  8:12  Mutalisk  
  89  8:13  Extractor  
  89  8:17  Baneling x2  
  83  8:21  Drone x4  
  83  8:22  Drone, Zergling x2  
  83  8:23  Zergling x8  
  83  8:26  Extractor  
  92  8:30  Mutalisk  
  94  8:36  Mutalisk  
  95  8:42  Mutalisk  
  97  9:02  Mutalisk  
  98  9:06  Mutalisk  
  97  9:10  Zergling x2  
  97  9:11  Zergling x2  
  97  9:12  Overlord x3  
Tags
 
Add a new tag
Caveats
  • Supply blocks, unpowered buildings, or Contaminate may cause inaccurate times.
  • Supply counts are checked every 10 seconds.